groovejumper, neutral female human Wizard --------- -------- ##-.......-# |......| --------------- # |......[|#####.......| |.............| ### |........# |...>...######..............| # #|.......|# |......| |...........<.| ## ---------# |......| #.....{........| #0 # -----|-- #|.............| ### # ## #--------------- # # ##0 # # # # # ### # # # ## # ### #---------.- # #|a.........## @*........| -%--------- groovejumper the Thaumaturge Experience level: 6 Strength: 14 Dexterity: 13 Constitution: 11 Intelligence: 18 Wisdom: 12 Charisma: 9 Health: 0(34) Energy: 48(76) AC: 9 Gold: 507 Moves: 2349 Your Inventory: Coins $ - 507 gold pieces Weapons a - a blessed +1 quarterstaff (weapon in hands) Armor b - an uncursed +0 cloak of magic resistance (being worn) Comestibles u - an [uncursed] tripe ration v - 3 [uncursed] food rations Scrolls i - 3 uncursed scrolls of light j - an uncursed scroll of destroy armor k - an uncursed scroll of identify y - an [uncursed] scroll labeled ELAM EBOW [of magic mapping] Spellbooks l - a blessed spellbook of force bolt m - an uncursed spellbook of jumping Potions h - 3 uncursed clear potions [of water] n - a [cursed] milky potion [of levitation] q - an [uncursed] brown potion [of object detection] w - an [uncursed] indigo potion [of healing] z - an [uncursed] milky potion [of levitation] Rings d - an uncursed +1 ring of gain constitution e - a blessed +1 ring of gain strength t - an [uncursed] silver ring [of see invisible] Wands c - an uncursed wand of digging (0:5) x - a [cursed] orichalcum wand [of undead turning (0:7)] Tools o - an [uncursed] blindfold s - an [uncursed] magic marker [0:32] Spells known in the end: Name Level Category Fail Memory a - force bolt 1 attack 0% [||||||||] b - jumping 1 escape 0% [||||||||] Your skills at the end: Fighting Skills Weapon Skills quarterstaff [Basic / Expert] Spellcasting Skills attack spells [Basic / Expert] enchantment spells [Basic / Skilled] Final Attributes: You were piously aligned. Hunger level was 327. Your alignment was 21 / 21. Monster difficulty range was 1 - 6. Level difficulty was 6. You were magic-protected. You were unlucky (-3). You are dead. Vanquished creatures: 2 leprechauns a wood nymph a mountain nymph an orc shaman 2 enormous rats 2 floating eyes a kitten a werejackal an iguana a coyote a hobbit 2 cave spiders a yellow mold a gnome zombie 2 geckos 9 jackals 2 foxes 2 goblins 2 sewer rats 5 grid bugs 2 bats 6 newts 48 creatures vanquished. Voluntary challenges: You were an atheist. You used a wielded weapon 36 times. You read items or engraved 2 times. You put on armor 1 time. You never genocided any monsters. You never polymorphed an object. You never changed form. You used no wishes. You wrote Elbereth's name 2 times. You never encountered a bones level. You never used any Sokoban shortcuts. Dungeon overview: The Dungeons of Doom: levels 1 to 6 Level 1 a sink a long staircase Level 2 a sink Level 3 a potion shop stairs to The Gnomish Mines Level 5 some fountains Level 6 <- You were here a fountain The Gnomish Mines: Level 4 stairs to The Dungeons of Doom History has recorded: On T:1 you entered the Dungeons of Doom to retrieve the Amulet of Yendor! On T:406 you reached level 2 of The Dungeons of Doom. On T:516 you advanced to experience level 2. On T:834 you reached level 3 of The Dungeons of Doom. On T:837 you advanced to experience level 3. On T:917 you reached level 1 of The Gnomish Mines. On T:1047 you advanced to experience level 4. On T:1189 you reached level 4 of The Dungeons of Doom. On T:1488 you advanced to experience level 5. On T:1693 you reached level 5 of The Dungeons of Doom. On T:1838 you advanced to experience level 6. On T:2064 you reached level 6 of The Dungeons of Doom. Latest messages: The spell misses the giant beetle. The spell hits the gnome zombie! You destroy the gnome zombie! The giant beetle bites! [HP-11=22] The spell misses the giant beetle. You hit the giant beetle! The giant beetle bites! [HP-9=13] The spell hits the giant beetle! The spell hits the giant beetle! The giant beetle bites! [HP-10=3] You write "Elbereth" with your fingers into the dust. The giant beetle turns to flee! [HP+1=4] [HP+1=5] The giant beetle bites! You die... Final status: Goodbye groovejumper the Wizard... You died in The Dungeons of Doom on dungeon level 6 with 2139 points, and 507 pieces of gold, after 2349 moves. You were level 6 with a maximum of 34 hit points when you died.